Map: [ESL] Amphion

Players

Lambo

  • Race: Zerg Zerg
  • Spawn Location: 7:00

Spirit - Winner!

  • Race: Terran Terran
  • Spawn Location: 11:00

Event: ESL Spring 2024 Finals

VOD

Have the link to the VOD?

Description

Time

  • Played on: June 1, 2024, 12:38 p.m.
  • Length: 8:33

All games in this series

Show
View Real Time Build Order
Export as new Build Order

Lambo Zerg 

Build Orders: Hatch First 

Get SALT Encoding   

  12  0:00  Drone  
  13  0:12  Overlord  
  13  0:17  Drone  
  14  0:30  Drone x2  
  16  0:49  Hatchery  
  15  0:52  Drone  
  15  0:55  Drone  
  17  0:59  Drone  
  18  1:10  Extractor  
  17  1:14  Spawning Pool  
  17  1:18  Drone  
  17  1:21  Drone  
  18  1:28  Drone  
  19  1:38  Drone  
  20  1:49  Drone  
  21  2:01  Queen x2  
  23  2:02  Drone  
  23  2:03  Overlord  
  26  2:11  Drone  
  26  2:13  Drone, Metabolic Boost  
  28  2:23  Drone x2  
  30  2:33  Drone, Overlord  
  30  2:36  Queen  
  33  2:42  Queen  
  33  2:43  Drone  
  36  2:49  Overlord  
  36  2:53  Drone  
  36  2:55  Drone  
  38  3:05  Drone  
  39  3:06  Drone  
  39  3:08  Drone x5  
  39  3:10  Drone  
  46  3:16  Lair  
  46  3:19  Drone x2  
  48  3:28  Extractor  
  48  3:30  Drone  
  48  3:31  Drone  
  49  3:35  Hatchery  
  49  3:39  Overlord  
  49  3:40  Drone x2  
  50  3:43  Drone, Extractor x2  
  50  3:46  Drone  
  50  3:47  Drone x2  
  52  3:55  Overlord  
  52  3:57  Queen  
  54  4:05  Drone x2  
  56  4:11  Drone  
  56  4:12  Drone, Overlord  
  56  4:13  Drone  
  56  4:16  Spire  
  58  4:17  Overseer  
  58  4:21  Zergling x2  
  58  4:23  Zergling x2  
  60  4:24  Drone x2  
  60  4:28  Drone x2  
  60  4:29  Zergling x2  
  65  4:38  Overlord  
  65  4:40  Overlord  
  65  4:41  Drone x3  
  65  4:44  Baneling Nest  
  67  4:48  Drone x2  
  67  4:51  Drone  
  70  4:55  Overlord  
  70  4:57  Drone x2  
  70  4:58  Zergling x2  
  73  5:02  Drone  
  73  5:06  Drone  
  75  5:10  Drone  
  75  5:12  Drone x3  
  75  5:13  Extractor  
  78  5:14  Zergling x2, Extractor  
  78  5:20  Overlord  
  78  5:22  Drone x3  
  78  5:24  Drone x4  
  85  5:28  Overlord  
  85  5:33  Overlord  
  85  5:37  Zerg Flyer Weapons Level 1  
  85  5:40  Hatchery  
  85  5:42  Mutalisk x2  
  84  5:47  Evolution Chamber  
  84  5:48  Evolution Chamber, Mutalisk x3  
  92  5:52  Mutalisk  
  92  5:53  Centrifugal Hooks  
  92  5:54  Mutalisk  
  96  5:57  Mutalisk  
  96  5:58  Mutalisk  
  96  6:04  Mutalisk  
  100  6:11  Drone, Zergling x2  
  103  6:12  Zergling x12  
  103  6:15  Zerg Ground Armor Level 1  
  103  6:16  Zerg Melee Weapons Level 1  
  110  6:22  Overlord  
  110  6:25  Zergling x8, Overlord x2  
  114  6:27  Overlord  
  114  6:30  Baneling x2  
  114  6:31  Baneling x2  
  114  6:32  Overlord  
  113  6:34  Overlord  
  113  6:36  Overlord  
  113  6:38  Overlord  
  113  6:40  Baneling  
  113  6:43  Mutalisk x2  
  113  6:47  Baneling x5  
  115  6:50  Zergling x6  
  115  6:51  Baneling  
  117  6:55  Zergling x8  
  117  6:57  Zergling x6  
  117  7:00  Zergling x2  
  117  7:01  Zergling x4  
  127  7:04  Baneling x2, Mutalisk  
  127  7:06  Zergling x4  
  131  7:12  Zergling x6  
  130  7:17  Zergling x10  
  133  7:25  Mutalisk x3  
  133  7:30  Baneling x2  
  133  7:31  Zergling x4  
  133  7:35  Mutalisk x2  
  135  7:44  Zergling x16  
  135  7:50  Zergling x2  
  135  7:51  Zergling x2  
  112  7:54  Baneling x8  
  112  7:56  Zergling x6  
  113  8:01  Zergling x2  
  109  8:08  Zergling x12  
  102  8:15  Zergling x2  
Show
View Real Time Build Order
Export as new Build Order

Spirit Terran - Winner!

Build Orders: Command Center First 

Get SALT Encoding   

  12  0:00  SCV  
  13  0:12  SCV  
  14  0:17  Supply Depot  
  14  0:24  SCV  
  15  0:39  SCV  
  16  0:51  SCV  
  17  1:02  Command Center  
  17  1:04  SCV  
  18  1:14  Barracks  
  19  1:18  SCV  
  19  1:23  Refinery  
  19  1:30  SCV  
  20  1:33  Refinery  
  20  1:42  SCV  
  21  1:56  SCV  
  22  2:02  Reaper  
  22  2:08  Orbital Command  
  23  2:13  Orbital Command  
  23  2:20  Factory  
  23  2:27  Supply Depot  
  23  2:33  SCV  
  23  2:35  Barracks Reactor  
  24  2:39  SCV  
  25  2:45  SCV  
  25  2:51  SCV  
  27  2:57  SCV  
  28  3:01  Command Center  
  28  3:03  SCV  
  29  3:09  SCV, Starport  
  30  3:15  SCV  
  30  3:16  Hellion  
  30  3:17  Barracks Tech Lab  
  33  3:22  Hellion  
  35  3:27  SCV  
  35  3:28  SCV  
  35  3:33  Supply Depot  
  37  3:35  Stimpack  
  37  3:40  SCV x2  
  37  3:41  Hellion  
  41  3:45  Hellion  
  43  3:52  SCV, Viking  
  46  3:58  SCV  
  47  4:04  SCV  
  47  4:09  Barracks  
  48  4:10  SCV  
  48  4:11  Barracks  
  48  4:14  Factory Tech Lab  
  48  4:15  Orbital Command  
  48  4:16  SCV  
  50  4:22  SCV  
  50  4:23  Barracks  
  50  4:24  Barracks  
  51  4:31  SCV, Starport Reactor, Engineering Bay  
  51  4:35  Refinery  
  51  4:37  Marine, Refinery  
  53  4:42  Siege Tank  
  53  4:43  SCV  
  57  4:49  SCV  
  58  4:53  Supply Depot  
  58  4:55  Marine  
  58  4:56  SCV  
  58  4:57  Terran Infantry Weapons Level 1  
  58  4:58  Missile Turret  
  60  5:02  SCV  
  60  5:03  Missile Turret  
  60  5:05  Marine x2  
  63  5:08  Missile Turret  
  63  5:13  Barracks Reactor  
  63  5:14  Starport Reactor, Barracks Reactor  
  63  5:15  Supply Depot  
  63  5:16  SCV  
  63  5:18  SCV  
  66  5:21  Combat Shield  
  66  5:22  Marine  
  66  5:25  Marine x2  
  66  5:27  Marine x2  
  70  5:34  Siege Tank  
  73  5:40  Marine  
  73  5:41  Orbital Command  
  73  5:42  Supply Depot  
  74  5:43  Supply Depot, Marine x2  
  74  5:44  Marine x2  
  78  5:51  Marine, Medivac x2  
  78  5:52  Marine  
  78  5:53  Marine  
  85  6:03  Marine x6  
  91  6:05  Supply Depot  
  91  6:06  Supply Depot  
  91  6:09  Marine  
  92  6:12  Siege Tank  
  92  6:13  Marine  
  92  6:14  Marine  
  97  6:21  Marine x4  
  101  6:26  Medivac x2  
  101  6:28  Supply Depot  
  101  6:29  Marine x2  
  101  6:31  Marine  
  101  6:32  Marine  
  109  6:35  Marine  
  109  6:39  Marine x2  
  111  6:42  Marine  
  111  6:43  Marine  
  111  6:44  Siege Tank  
  111  6:46  Marine  
  116  6:50  Marine x3  
  116  6:52  Marine  
  121  6:56  Marine x2  
  121  7:00  Marine  
  124  7:01  Marine  
  124  7:06  Supply Depot x2  
  124  7:07  Marine x3  
  124  7:08  Marine  
  129  7:10  Marine  
  129  7:14  Marine x2  
  129  7:18  Marine  
  129  7:19  Marine  
  128  7:25  Marine x4  
  128  7:27  Siege Tank  
  128  7:28  Marine  
  128  7:32  Marine x2  
  128  7:36  Marine  
  130  7:37  Marine  
  130  7:43  Marine x4  
  131  7:47  Marine  
  131  7:50  Marine  
  112  7:53  Marine  
  112  7:54  Marine  
  112  7:58  Medivac  
  114  7:59  Siege Tank, Marine  
  114  8:01  Marine  
  114  8:03  Marine x2  
  114  8:04  Marine  
  122  8:08  Marine  
Tags
 
Add a new tag
Caveats
  • Supply blocks, unpowered buildings, or Contaminate may cause inaccurate times.
  • Supply counts are checked every 10 seconds.